 Dungeon Crawl Stone Soup version 0.28-a0-957-g42eb19b844 (webtiles) character file.

Game seed: 8816670861970435578

56 ytrimaz the Skirmisher (level 3, -1/43 HPs)
             Began as a Demonspawn Berserker on Nov 30, 2021.
             Was a Follower of Trog.
             Killed from afar by an orc wizard (8 damage)
             ... with a magic dart
             ... on level 3 of the Dungeon.
             The game lasted 00:02:14 (1957 turns).

ytrimaz the Skirmisher (Demonspawn Berserker)       Turns: 1957, Time: 00:02:15

Health: -1/43      AC:  4    Str: 19    XL:     3   Next: 69%
Magic:  3/3        EV: 12    Int:  8    God:    Trog [*.....]
Gold:   68         SH:  0    Dex: 12    Spells: 2/2 levels left

rFire   . . .      SeeInvis .   a - +0 hand axe
rCold   . . .      Faith    .   (no shield)
rNeg    . . .      Spirit   .   b - +1 animal skin
rPois   .          Reflect  .   l - +0 helmet
rElec   .          Harm     .   (no cloak)
rCorr   .          Rampage  .   (no gloves)
Will    .....                   (no boots)
Stlth   ..........              (no amulet)
HPRegen 0.14/turn               (no ring)
MPRegen 0.08/turn               (no ring)

@: berserking, very quick
A: weakness stinger 1
a: Renounce Religion, Berserk


You were on level 3 of the Dungeon.
You worshipped Trog.
Trog was aware of your devotion.
You visited 1 branch of the dungeon, and saw 3 of its levels.

You collected 68 gold pieces.

Inventory:

Hand Weapons
 a - a +0 hand axe (weapon)
Armour
 b - a +1 animal skin (worn)
 l - a +0 helmet (worn)
Scrolls
 f - 2 scrolls of enchant weapon
 j - a scroll of noise
 k - a scroll of enchant armour
Potions
 c - a potion of cancellation
 e - a potion of magic {unknown}
 g - a potion of brilliance {unknown}
 h - a potion of heal wounds {unknown}
 i - a potion of degeneration {unknown}


   Skills:
 + Level 3.6 Fighting
 + Level 3.4 Axes
 + Level 1.9 Armour
 + Level 2.3 Dodging


You had 2 spell levels left.
You didn't know any spells.
Your spell library was empty.

Dungeon Overview and Level Annotations

Branches:
Dungeon (3/15)

Altars:


Innate Abilities, Weirdness & Mutations

You have a small tail.


Message History

Trog accepts your kill.
You can now call upon Trog for regeneration and willpower.
You see here a rat corpse.
f - 2 scrolls of enchant weapon (gained 1)
An orc wizard comes into view. It is wielding a +0 dagger.
An orc wizard is nearby!
An orc wizard is nearby!
The orc wizard shouts!
An orc comes into view. It is wielding a +0 vorpal trident.
Found 5 gold pieces.
An orc wizard comes into view. It is wielding a +0 dagger.
The orc shouts!
The orc wizard gestures wildly while chanting.
The orc wizard flickers and vanishes!
Deactivating autopickup; reactivate with Ctrl-A.
The orc hits you but does no damage.
The orc wizard hits you but does no damage.
The orc barely misses you.
The orc wizard hits you with a +0 dagger.
You barely miss the orc wizard. You hit the orc. You barely miss something.
Something hits you. The orc barely misses you.
The orc wizard points at you and mumbles some strange words.
The magic dart hits you. Something hits you. The orc closely misses you.
You hit the orc wizard.
The orc wizard is heavily wounded.
You hit the orc. You closely miss something.
The orc wizard hits you but does no damage.
Something hits you.
The orc hits you with a +0 vorpal trident.
* * * LOW HITPOINT WARNING * * *
x2 A red film seems to cover your vision as you go berserk!
You feel yourself moving faster!
You feel mighty!
You can no longer call upon Trog for regeneration and willpower.
The orc wizard gestures at you while chanting.
The puff of flame misses you.
The puff of flame hits the orc!
The orc dies!
You hear some strange, mumbled words.
A magic dart appears from out of thin air!
The magic dart hits you!
You die...

#. ##.## # ##.##....
.. .##...#.#.####.#
...........##.#
####.........##.# #
......$.>.......# .# #
####...)..<..##.##$#.#
......†......##.{....#
####...†....###o@)...#
##................#
#..<.....#.#......#
.....#........#......#
####...##..####.##.###
##............ .#
#.....####### ##
#######


You could see an orc wizard.

Vanquished Creatures
  2 adders (D:2)
  A dart slug (D:2)
  4 endoplasms
  4 goblins
  2 hobgoblins (D:1)
  3 jackals (D:2)
  2 quokkas (D:1)
  4 ball pythons
  A bat (D:1)
  A frilled lizard (D:1)
  5 kobolds
  6 rats
35 creatures vanquished.

Vanquished Creatures (others)
  An orc (D:3)
  A demonic plant (D:1)
  A withered plant (D:1)
3 creatures vanquished.

Grand Total: 38 creatures vanquished

Notes
Turn   | Place    | Note
-------+----------+-------------------------------------------
     0 | D:1      | ytrimaz the Demonspawn Berserker began the quest for the
                  | Orb.
     0 | D:1      | Reached XP level 1. HP: 18/18 MP: 1/1
    53 | D:1      | Found a faded altar of an unknown god.
   172 | D:1      | Gained mutation: You have a small tail. [demonic ancestry]
   172 | D:1      | Reached XP level 2. HP: 24/24 MP: 2/2
  1393 | D:2      | Reached XP level 3. HP: 21/29 MP: 3/3
  1942 | D:3      | Reached ** piety under Trog
  1957 | D:3      | Killed from afar by an orc wizard

Illustrated notes

Levels and vault maps discovered:
D:1:      dpeg_arrival_rooms_c, layout_loops_ring, shapermc_ecumenical_altar_gd,
          minmay_misc_feat_encased, minmay_misc_feat_alley, minmay_distorted
D:2:      layout_basic
D:3:      layout_loops_ring

Skill      XL: |  1  2 |
---------------+-------+-----
Dodging        | 2 |  2.3
Axes           | 3 |  3.4
Fighting       | |  3.6
Armour         | |  1.9

Action                   || total
-------------------------++-------
Melee: Hand axe          ||   102
       Tailslap          ||     6
Invok: Berserk           ||     1
  Use: Scroll            ||     6
 Stab: Sleeping          ||     4
Armor: Animal skin       ||    37
Dodge: Dodged            ||    90

Table legend: (Time is in decaauts)
 A = Elapsed time spent in this place.
 B = Non-inter-level travel time spent in this place.
 C = Inter-level travel time spent in this place.
 D = Time resting spent in this place.
 E = Time spent auto-exploring this place.
 F = Levels seen in this place.
 G = Mean time per level.
                   A        B        C        D        E       F      G
               +--------+--------+--------+--------+--------+-----+--------+
         Total |   1972 |   1955 |     17 |      0 |   1602 |   3 |  657.3 |
       Dungeon |   1972 |   1955 |     17 |      0 |   1602 |   3 |  657.3 |
               +--------+--------+--------+--------+--------+-----+--------+

Top non-repeatable levels by time:
     D:1: 986 daAuts
     D:2: 962 daAuts
     D:3: 23 daAuts
